[Event "3rd President Cup-A 2024"]
[Site "Tashkent"]
[Date "2024.11.26"]
[Round "6.11"]
[White "Gareyev, Timur"]
[Black "Pingin, Artem"]
[Result "1/2-1/2"]
[ECO "D27"]
[WhiteElo "2552"]
[BlackElo "2447"]
[Annotator "TA"]
[PlyCount "68"]
[EventDate "2024.11.22"]
[EventType "swiss"]
[EventCountry "UZB"]
[SourceTitle "playchess.com"]
[Source "ChessBase"]
[SourceQuality "1"]
[TimeControl "5400+30"]

1. d4 d5 2. c4 dxc4 3. Nf3 Nf6 4. Nc3 a6 5. e3 e6 6. a4 c5 7. Bxc4 Nc6 8. O-O Be7 9. Qe2 cxd4 10. Rd1 e5 11. exd4 exd4 12. Nxd4 Nxd4 13. Qe5 Qd6 14. Qxd4 Qxd4 15. Rxd4 Bc5 16. Rd1 Be6 17. Re1 O-O 18. Bxe6 {[%emt 0:00:49] The position is equal.} fxe6 19. Kf1 Rae8 20. f3 e5 21. Bg5 Bd4 22. Rac1 h6 23. Bxf6 Rxf6 24. b4 Bxc3 25. Rxc3 $11 {[%emt 0:00:03][%mdl 4096] Endgame. KRR-KRR} Rf4 26. Re4 Rxe4 27. fxe4 {[%emt 0:00:02] KR-KR} Rd8 28. Rc7 Rd4 29. Rxb7 Rxe4 (29... a5 $11) 30. a5 $14 Kh7 31. Rb6 Kg8 32. Kf2 (32. Rxa6 Rxb4 33. Rb6 Ra4 $11) 32... Kf7 33. Kf3 Rd4 34. Ke3 ({Of course not} 34. Rxa6 Rxb4 35. Rd6 Rf4+ 36. Ke2 Rg4 $11) 34... h5 {[%emt 0:00:38] Weighted Error Value: White=0.01 (flawless) /Black=0.04 (flawless) .  Mistake:       	---       	Black=1      OK:         	White=9     	Black=12     Best:        	White=1     	---} 1/2-1/2

[Event "3rd President Cup-A 2024"]
[Site "Tashkent"]
[Date "2024.11.26"]
[Round "6.12"]
[White "Zarubitski, Viachaslau"]
[Black "Raja Rithvik R"]
[Result "0-1"]
[ECO "D23"]
[WhiteElo "2389"]
[BlackElo "2528"]
[Annotator "RC"]
[PlyCount "130"]
[EventDate "2024.11.22"]
[EventType "swiss"]
[EventCountry "UZB"]
[SourceTitle "playchess.com"]
[Source "ChessBase"]
[SourceQuality "1"]
[TimeControl "5400+30"]

1. d4 d5 2. Nf3 Nf6 3. g3 c5 4. c4 dxc4 5. Qa4+ Nc6 6. dxc5 Ne4 7. Qxc4 Qa5+ 8. Bd2 Nxd2 9. Nbxd2 g6 10. a4 Bg7 11. Qb5 Qb4 12. Bg2 Qxb2 13. Rb1 Qa2 14. O-O O-O 15. Qb3 Qxb3 16. Rxb3 Rd8 17. Rfb1 Bf5 18. e4 Bc8 19. Nf1 Na5 20. Rb5 Nc4 21. R5b4 Na5 22. Rb5 Bc3 23. Rc1 a6 24. Rb6 Bg7 25. Ne3 Bh6 26. Ne5 Bxe3 27. fxe3 Be6 28. c6 bxc6 29. Nxc6 Nxc6 30. Rbxc6 Rd3 31. R6c3 Rd2 32. Bf1 Ra2 33. Rc7 Kf8 34. Bc4 Bxc4 35. R7xc4 Rb8 36. Rc8+ Rxc8 37. Rxc8+ Kg7 38. Rc4 Kf6 39. h4 h5 40. Kf1 e6 41. Rc7 Rxa4 42. e5+ Kxe5 43. Rxf7 Ra2 44. Rg7 Kf6 45. Rc7 a5 46. Rc5 a4 47. Ra5 a3 48. e4 Ke7 49. Ra6 Kd7 50. Ke1 Kc7 51. Kd1 Kb7 52. Ra4 Kb6 53. Kc1 Kb5 54. Ra8 Kc4 55. Kb1 Rb2+ 56. Ka1 Rb3 57. g4 hxg4 58. Rg8 Rh3 59. Rxg6 g3 60. Rg8 Kd4 61. h5 Kxe4 62. h6 e5 63. h7 Rxh7 64. Rxg3 Kf4 65. Rxa3 Rb7 0-1

[Event "3rd President Cup-A 2024"]
[Site "Tashkent"]
[Date "2024.11.26"]
[Round "6.13"]
[White "Saydaliev, Saidakbar"]
[Black "Garv Gaur"]
[Result "1-0"]
[ECO "B13"]
[WhiteElo "2473"]
[BlackElo "2388"]
[Annotator "TA"]
[PlyCount "177"]
[EventDate "2024.11.22"]
[EventType "swiss"]
[EventCountry "UZB"]
[SourceTitle "playchess.com"]
[Source "ChessBase"]
[SourceQuality "1"]
[TimeControl "5400+30"]

1. e4 c6 2. d4 d5 3. exd5 cxd5 4. Bd3 Nc6 5. c3 Qc7 6. h3 Nf6 7. Nf3 g6 8. Qc2 {[%emt 0:01:23] B13: Caro-Kann: Exchange Variation and Panov-Botvinnik Attack.} Bg7 9. O-O O-O 10. Re1 Nh5 {[%emt 0:01:41] 10...Nd7 is more advanced technology.} 11. Qd1 Re8 12. Nbd2 Bd7 $146 ({Predecessor:} 12... Nf4 13. Bf1 Bf5 14. Nb3 Rad8 15. Be3 f6 16. Qd2 g5 17. h4 h6 18. hxg5 hxg5 {1-0 Seo,J (2455)-Pantzar,M (2410) Uppsala Young Champions 7th 2020 (8)}) 13. Nb3 Rad8 14. Be3 e5 15. dxe5 Nxe5 16. Nxe5 Bxe5 17. Nd4 a6 18. Nf3 Bg7 19. Qb3 b5 20. Rad1 h6 21. a3 Bc6 22. Qc2 Nf4 23. Bf1 Ne6 24. Qd2 h5 25. Nd4 Bb7 26. Nxe6 Rxe6 27. Bd4 Rde8 28. Bxg7 Kxg7 29. Qd4+ Kg8 30. Rxe6 Rxe6 31. Qa7 Qc6 32. Qb8+ Re8 33. Qf4 Re4 34. Qg5 Qe8 35. Qd2 Qc6 36. Be2 Qc7 37. Bf3 Re5 38. Qd4 Qe7 39. Kf1 Bc6 40. Qb6 Bb7 41. Qa7 Kf8 42. Qb8+ Kg7 43. a4 Bc6 44. Qb6 Re6 45. Qd4+ Kh7 46. a5 Qc7 47. b4 Ba8 48. g3 Kg8 49. Rd3 Qe7 50. Rd1 Qc7 51. Kg2 Bc6 52. Qc5 (52. Bxd5 $2 Rd6 (52... Bxd5+ 53. Qxd5 Qxc3 54. Rd4 $11) 53. Qc5 Rxd5 54. Rxd5 Qd7 $19 (54... Bxd5+ 55. Qxd5 Qxc3 56. Qd6 $11)) 52... Re5 53. Rd3 (53. Bxd5 $2 Bxd5+ (53... Rxd5 $2 54. Rxd5 Qd7 55. f3 $19) 54. Kh2 (54. Rxd5 $2 Qb7 $19) 54... Qxc5 55. bxc5 Bc6 56. Rd8+ Kg7 $19) 53... Qb7 54. h4 Rf5 55. Qd4 Qc7 56. Re3 Qd8 57. Kg1 (57. g4 $16 hxg4 58. Bxg4) 57... Rf6 (57... Qf6 $14 58. Qxf6 Rxf6) 58. Bg2 $16 Rd6 59. Re5 Qd7 60. Kh2 Bb7 61. Bh3 Qd8 62. Qe3 Bc6 63. Qd4 ({Better is} 63. Re7 $16 {Strongly threatening Qe5.} d4 64. cxd4) 63... Rf6 $2 (63... Bb7 $1 $11 {and Black stays safe.}) 64. f4 $18 Rd6 65. f5 Qf6 (65... f6 $16 {was worth a try.} 66. Re6 Rxe6 67. fxe6 Qe7) 66. fxg6 (66. Qe3 $18) 66... fxg6 $16 67. Kg1 Qf3 $2 (67... Kf7 $16 68. Qa7+ Bd7) 68. Re3 $18 Qf7 69. Qe5 (69. Qc5 $142 Qf6 70. Qa7) 69... Qf8 $2 (69... Rf6 {is tougher.} 70. Be6 Rf1+ 71. Kh2 Rf2+ 72. Kh3 (72. Kg1 Rf1+ 73. Kh2 Rf2+ 74. Kh3 Bd7 $18) 72... Bd7 73. Qxd5 Bxe6+ 74. Rxe6 Kh7) 70. Be6+ Kh7 71. Re2 d4 $2 (71... Bd7 72. Bxd5 Bf5 73. Qe7+ Qxe7 74. Rxe7+ Kh6) 72. Rf2 Bf3 73. cxd4 Rc6 74. Qe3 Qe8 75. Qxf3 (75. d5 $142 Bxd5 76. Qa7+ Kh6 77. Bxd5 (77. Qe3+ Kh7 $18)) 75... Rxe6 $18 76. d5 Re3 77. Qf4 $2 (77. Qf7+ Qxf7 78. Rxf7+ Kg8 79. Kf2) 77... Rd3 (77... Re1+ $142 78. Kh2 Re2) 78. Qc7+ $2 (78. Qf7+ $18 Qxf7 79. Rxf7+ Kh6 80. Rd7 Rxg3+ 81. Kf2) 78... Kh6 $14 79. Qd6 $1 Qe1+ $2 (79... Qe3 $14 80. Kg2 (80. Qxa6 $2 {gets mated.} Qxg3+ 81. Kf1 Rd1+ 82. Ke2 Qd3#) 80... Rd2 81. Rxd2 Qxd2+ 82. Kh3 Qd1 83. Qf8+ (83. Qxa6 $2 Qh1#) 83... Kh7 84. Qf7+ Kh6) 80. Kg2 $18 Qe4+ 81. Kh2 Qe8 (81... Qd4 {was necessary.} 82. Qf8+ Qg7 83. Qf4+ Kh7) 82. Qf4+ $18 ({Stronger than} 82. Qxa6 Qe5 83. Rg2 Rd4 $11) 82... Kh7 83. d6 (83. Qf6 $142) 83... Rd5 $2 (83... Rd1 84. Rd2 Qe1 85. Rxd1 Qxd1) 84. Rc2 Rf5 $2 (84... Kg8 $18 85. Rf2 Kh7) 85. Rc7+ Kg8 86. Qd2 Qf8 87. Rc2 Qf7 88. d7 Rd5 89. d8=Q+ 1-0

[Event "3rd President Cup-A 2024"]
[Site "Tashkent"]
[Date "2024.11.26"]
[Round "6.14"]
[White "Zhang, Ziji"]
[Black "Ayush Sharma"]
[Result "0-1"]
[ECO "D11"]
[WhiteElo "2380"]
[BlackElo "2464"]
[Annotator "RC"]
[PlyCount "176"]
[EventDate "2024.11.22"]
[EventType "swiss"]
[EventCountry "UZB"]
[SourceTitle "playchess.com"]
[Source "ChessBase"]
[SourceQuality "1"]
[TimeControl "5400+30"]

1. d4 Nf6 2. g3 d5 3. Bg2 c6 4. Nf3 Bf5 5. O-O e6 6. c4 Nbd7 7. cxd5 exd5 8. Qb3 Qb6 9. Qe3+ Be7 10. Nc3 h6 11. Nh4 Be6 12. Qd3 g5 13. Nf3 g4 14. Nh4 O-O-O 15. Rd1 Ne8 16. Nf5 Bg5 17. Rb1 Kb8 18. Bxg5 hxg5 19. b4 Nef6 20. Ne3 Ka8 21. b5 Qa5 22. bxc6 bxc6 23. Qc2 Nb6 24. Nb5 Kb7 25. Nc3 Nfd7 26. Rb3 Kb8 27. Qb2 Qa6 28. Rb1 Ka8 29. Ra3 Qb7 30. Qb4 Rb8 31. Qd6 Rhc8 32. Qe7 Rg8 33. Rbb3 Nc8 34. Rxb7 Rxb7 35. Rxa7+ Kxa7 36. Qa3+ Kb8 37. Nc2 Rb6 38. Nb4 Na7 39. e4 dxe4 40. Bxe4 Rc8 41. Na4 Rb7 42. Na6+ Ka8 43. N6c5 Rb5 44. Nxd7 Bxd7 45. Qd6 Be6 46. Nc3 Rb7 47. a4 Rd7 48. Qc5 Rcd8 49. Bxc6+ Nxc6 50. Qxc6+ Rb7 51. d5 Rc8 52. Qa6+ Ra7 53. Qd3 Bd7 54. Qd4 Rac7 55. Nb5 Rc5 56. Qe5 Bc6 57. Qxg5 Bxd5 58. f4 gxf3 59. Qf6 Bb7 60. Qb6 Rc1+ 61. Kf2 R8c2+ 62. Ke3 Re2+ 63. Kd3 Be4+ 64. Kd4 Rd1+ 65. Kc3 Rd7 66. Nd6 Rc2+ 67. Kb3 Bd3 68. Qa5+ Kb8 69. Qb6+ Ka8 70. Qe3 Rxd6 71. Qe8+ Kb7 72. Qxf7+ Rc7 73. Qxf3+ Ka7 74. a5 Bc4+ 75. Kb4 Rdc6 76. Qe3+ Ka6 77. h4 Rb7+ 78. Ka4 Bb3+ 79. Ka3 Be6 80. Qd3+ Kxa5 81. Qd8+ Ka6 82. Qa8+ Kb6 83. Qd8+ Ka7 84. Qd4+ Ka8 85. Qd8+ Rc8 86. Qd6 Rc3+ 87. Ka4 Bd7+ 88. Ka5 Rb5+ 0-1

[Event "3rd President Cup-A 2024"]
[Site "Tashkent"]
[Date "2024.11.26"]
[Round "6.15"]
[White "Suyarov, Mukhammadzokhid"]
[Black "Panda Sambit"]
[Result "1-0"]
[ECO "B13"]
[WhiteElo "2464"]
[BlackElo "2380"]
[Annotator "RC"]
[PlyCount "95"]
[EventDate "2024.11.22"]
[EventType "swiss"]
[EventCountry "UZB"]
[SourceTitle "playchess.com"]
[Source "ChessBase"]
[SourceQuality "1"]
[TimeControl "5400+30"]

1. e4 c6 2. d4 d5 3. exd5 cxd5 4. c4 Nf6 5. Nc3 Nc6 6. Nf3 a6 7. Bg5 Be6 8. Be2 g6 9. Bxf6 exf6 10. O-O Bg7 11. Qd2 O-O 12. Rad1 h6 13. Ne1 Qd7 14. Nc2 Ne7 15. Ne3 Rfd8 16. Bf3 dxc4 17. d5 Nc8 18. Qe2 Bf5 19. Nxc4 Re8 20. Qd2 Bg4 21. Qf4 Bxf3 22. Qxf3 b5 23. d6 Rb8 24. Na5 Rb6 25. Nd5 Rxd6 26. Nb7 Rxd5 27. Qxd5 Qxd5 28. Rxd5 Nb6 29. Rd6 Nc4 30. Rxa6 Nxb2 31. Nd6 Re6 32. Ra8+ Kh7 33. Nxb5 Rb6 34. Nd4 f5 35. Nf3 g5 36. g3 Bf6 37. Rb1 Rd6 38. Rb8 Na4 39. h3 Kg7 40. R1b5 g4 41. hxg4 fxg4 42. Nh2 Nc3 43. Ra5 Rd4 44. a3 Re4 45. Kg2 Be5 46. Rb4 Bd4 47. Nxg4 h5 48. Ne3 1-0

[Event "3rd President Cup-A 2024"]
[Site "Tashkent"]
[Date "2024.11.26"]
[Round "6.18"]
[White "Khubukshanov, Erdem"]
[Black "Poormosavi, Seyed Kian"]
[Result "1-0"]
[ECO "E48"]
[WhiteElo "2443"]
[BlackElo "2381"]
[Annotator "RC"]
[PlyCount "125"]
[EventDate "2024.11.22"]
[EventType "swiss"]
[EventCountry "UZB"]
[SourceTitle "playchess.com"]
[Source "ChessBase"]
[SourceQuality "1"]
[TimeControl "5400+30"]

1. d4 Nf6 2. c4 e6 3. Nc3 Bb4 4. e3 O-O 5. Bd3 d5 6. cxd5 exd5 7. a3 Bd6 8. Qc2 b6 9. Nb5 Ba6 10. Ne2 c5 11. b3 Nc6 12. Bb2 Rc8 13. Nxd6 Bxd3 14. Qxd3 Qxd6 15. O-O cxd4 16. Bxd4 Rfd8 17. Rfd1 h6 18. Bb2 Ne5 19. Qf5 Neg4 20. Ng3 Qe6 21. h3 Qxf5 22. Nxf5 Rc2 23. Bxf6 Nxf6 24. Rac1 Ra2 25. Ra1 Rc2 26. Rdc1 Rb2 27. b4 Rd7 28. Rc6 Ne4 29. f3 Nd2 30. Rd1 Kh7 31. Rc3 g6 32. Nd4 Nc4 33. e4 Ra2 34. Nc6 Rd2 35. Rxd2 Nxd2 36. exd5 b5 37. Rc5 Nc4 38. a4 Nb6 39. a5 Nxd5 40. Ne5 Rd6 41. Nxf7 Rd7 42. Ne5 Rd6 43. Rxb5 a6 44. Rb7+ Kg8 45. Kf2 g5 46. g3 Re6 47. Nd3 Rc6 48. f4 Rc3 49. Ke2 Rb3 50. f5 h5 51. Kd2 Ra3 52. Ra7 Ra2+ 53. Kc1 Rg2 54. Rd7 Nf6 55. Rd6 Ne4 56. Rg6+ Kf8 57. g4 Rg3 58. Kc2 h4 59. Re6 Rg2+ 60. Kb3 Nd2+ 61. Kc3 Nf3 62. Rxa6 Rg3 63. Rd6 1-0

[Event "3rd President Cup-A 2024"]
[Site "Tashkent"]
[Date "2024.11.26"]
[Round "6.19"]
[White "Nitish Belurkar"]
[Black "Omonov, Asrorjon"]
[Result "1/2-1/2"]
[ECO "B12"]
[WhiteElo "2434"]
[BlackElo "2360"]
[Annotator "RC"]
[PlyCount "45"]
[EventDate "2024.11.22"]
[EventType "swiss"]
[EventCountry "UZB"]
[SourceTitle "playchess.com"]
[Source "ChessBase"]
[SourceQuality "1"]
[TimeControl "5400+30"]

1. e4 c6 2. d4 d5 3. e5 Bf5 4. Nf3 e6 5. Be2 Nd7 6. O-O a5 7. a4 f6 8. b3 fxe5 9. dxe5 Bc5 10. Bf4 Ne7 11. Nbd2 O-O 12. Bg3 h6 13. h3 Bh7 14. Bh2 Nf5 15. Bd3 Qb6 16. c3 Kh8 17. Qc2 Be7 18. Qb1 Rf7 19. Ra2 Raf8 20. Rb2 Qa7 21. Kh1 Nc5 22. Bc2 Bg8 23. Qd1 1/2-1/2

[Event "3rd President Cup-A 2024"]
[Site "Tashkent"]
[Date "2024.11.26"]
[Round "6.22"]
[White "Akhilbay, Imangali"]
[Black "Audi Ameya"]
[Result "1/2-1/2"]
[ECO "B90"]
[WhiteElo "2306"]
[BlackElo "2412"]
[Annotator "TA"]
[PlyCount "69"]
[EventDate "2024.11.22"]
[EventType "swiss"]
[EventCountry "UZB"]
[SourceTitle "playchess.com"]
[Source "ChessBase"]
[SourceQuality "1"]
[TimeControl "5400+30"]

1. e4 c5 2. Nf3 d6 3. d4 cxd4 4. Nxd4 Nf6 5. Nc3 a6 6. Nb3 e6 7. g4 b5 8. a3 Nfd7 9. g5 Nc6 10. Be3 Qc7 11. Qe2 Nce5 12. O-O-O Nc4 13. Bd4 Bb7 14. Rg1 e5 15. Nd5 Bxd5 16. exd5 Be7 {[%emt 0:00:54] Dodges f4} 17. Bc3 O-O 18. Qg4 {[%emt 0:07:20] [#]} (18. Qf3 $11 {is more appropriate.}) 18... Nxa3 $2 19. Bd3 $1 $16 {[%emt 0:25:09] and Bxh7+ should not be overlooked White is more active.} Nc4 $2 {[%emt 0:10:19] [#]} (19... b4) 20. Bxh7+ $1 $18 Kxh7 21. Rd3 f5 (21... Kg8 $142 22. Rh3 f5) 22. gxf6 Bxf6 23. Qe6 $1 g5 24. Rh3+ Kg7 25. Qf5 $2 (25. f4 $18 {[%cal Oh3h6] Threatening mate with Rh6!.} Rae8 (25... exf4 26. Rxg5#) 26. Qf5) 25... Rf7 $1 $11 (25... Rh8 $2 26. Rxg5+ Bxg5+ 27. Qxg5+ Kf7 28. Qf5+ Nf6 29. Qe6+ Kg7 30. Rg3+ $18) 26. Rxg5+ (26. Nd2 $11 Nxd2 27. Rh7+ Kg8 28. Rxg5+ Rg7 (28... Bg7 $2 29. Qh3 $18) 29. Rgh5) 26... Kf8 $1 $17 (26... Bxg5+ 27. Qxg5+ Kf8 28. Rh8#) 27. Rgh5 Ke8 $1 28. Qe6+ Re7 (28... Be7 $1 $17 29. Rh7 Rxh7 30. Rxh7 Nf8 31. Qf7+ Kd8) 29. Qf5 (29. Rh8+ $5 Bxh8 30. Qg6+ Rf7 31. Qe6+ Re7 $11) 29... Rf7 (29... Bg7 $15 30. Rh8+ Nf8) 30. Qe6+ Re7 ({Better is} 30... Be7 $1 $17 31. Rh7 Rxh7 32. Rxh7 Nf8 33. Qf7+ Kd8) 31. Qf5 Rf7 (31... Bg7 $15) 32. Qe6+ $19 {[%emt 0:04:15] [#]} Re7 $2 (32... Be7 $1 $19 33. Rh7 Rxh7 34. Rxh7 Nf8 35. Qf7+ Kd8) 33. Qf5 Rf7 (33... Bg7 $11) 34. Qe6+ {[#]} Re7 $2 (34... Be7 $1 $19 {[%cal Od7f8] White must now prevent ...Nf8!.} 35. Rf5 (35. Rh7 Rxh7 36. Rxh7 Nf8 $15) 35... Rxf5 36. Qxf5 Qb7 37. Rh8+ Nf8) 35. Rh8+ 1/2-1/2

[Event "3rd President Cup-A 2024"]
[Site "Tashkent"]
[Date "2024.11.26"]
[Round "6.23"]
[White "Rakhmatullaev, Almas"]
[Black "Usov, Aleksandr E."]
[Result "1/2-1/2"]
[ECO "C42"]
[WhiteElo "2410"]
[BlackElo "2314"]
[Annotator "TA"]
[PlyCount "108"]
[EventDate "2024.11.22"]
[EventType "swiss"]
[EventCountry "UZB"]
[SourceTitle "playchess.com"]
[Source "ChessBase"]
[SourceQuality "1"]
[TimeControl "5400+30"]

1. e4 e5 2. Nf3 Nf6 3. Nxe5 d6 4. Nf3 Nxe4 5. c4 Nc6 6. Nc3 Nxc3 7. dxc3 g6 $1 {[%emt 0:01:16][%mdl 4] is currently scoring better than 7...Be7. C42: Petroff Defence: 3 Nxe5 and unusual White 3rd moves.} 8. Bg5 Be7 9. Bh6 Bf8 10. Be3 Bg7 11. h4 $146 ({Predecessor:} 11. c5 dxc5 12. Qxd8+ Nxd8 13. Bxc5 Ne6 14. Be3 Bd7 15. O-O-O a6 16. Bc4 O-O-O 17. Bd5 Rhe8 18. Rd2 Bc6 19. Bxc6 bxc6 {½-½ Kollars,D (2588)-Papp,G (2602) Bremen CD Meyer Memorial 2020 (8)}) 11... Bg4 12. Be2 Qd7 13. Qd2 O-O-O 14. O-O-O Rhe8 15. Rhe1 Qf5 16. Bg5 $1 f6 17. Be3 Qh5 18. b3 Ne5 19. Nd4 Bxe2 $1 (19... Qxh4 $2 20. Rh1 $18) 20. Nxe2 Qxh4 21. f3 f5 22. Bg5 $1 Qf2 (22... Nd3+ $1 $14 23. Kb1 Bh6 (23... Qh5 24. Rh1 $16) 24. Bxh4 (24. Qxd3 $2 {is the wrong capture.} Qxg5 25. Rh1 Qxg2 $19) (24. Bxh6 Nxe1 25. g3 Rxe2 $16) 24... Bxd2 25. Rxd2 Nxe1 26. Bxe1 g5) 23. Bxd8 Kxd8 {[%emt 0:00:03] [#]} 24. c5 ({White should try} 24. f4 $1 $16 Bh6 (24... Nd7 25. Nd4) 25. c5) 24... Qxg2 $2 (24... Qxc5 $11 {and Black is okay.} 25. Nd4 Kd7) 25. cxd6 $18 Qxf3 26. Nd4 Qd5 27. c4 $2 (27. Qg5+ $18 {and White stays clearly on top.} Kd7 28. Nxf5) 27... Qxd6 $16 {[%emt 0:00:24] [#]} 28. Nxf5 $2 {[%emt 0:00:00] [#]} (28. Qa5 $1 $16 Kc8 29. Nxf5) 28... Qxd2+ $1 $17 29. Rxd2+ Kc8 30. Nxg7 Nd3+ $1 31. Rxd3 Rxe1+ 32. Kc2 (32. Kd2 $17 {was worth a try.} Re7 33. Nh5 gxh5 34. Rf3) 32... Re7 $19 33. Nh5 gxh5 34. Rd5 b6 (34... Re2+ $17 35. Kb1 h4) 35. Rxh5 $15 c5 (35... Kd7 $15) 36. a3 $11 Kd7 37. Rh6 Ke8 38. b4 Rc7 39. bxc5 bxc5 40. Kd3 Kf8 41. Ke4 Kg7 42. Ra6 Rd7 43. Kf5 Rc7 44. Ke5 Rf7 45. Rc6 Rf3 46. a4 h5 47. Rxc5 h4 48. Ke4 Rc3 49. Kd4 Rf3 50. Rh5 h3 51. c5 Kg6 52. Rh8 Rf4+ 53. Kd5 Rf5+ 54. Ke4 Rxc5 1/2-1/2